 Dungeon Crawl Stone Soup version 0.20.0-8-g6b59dc7 (webtiles) character file.

618 Minion the Shield-Bearer (level 7, -1/55 HPs)
             Began as a Formicid Fighter on May 31, 2017.
             Was an Initiate of Cheibriados.
             Slain by a scorpion (3 damage)
             ... on level 5 of the Dungeon.
             The game lasted 00:06:48 (4067 turns).

Minion the Shield-Bearer (Formicid Fighter)         Turns: 4067, Time: 00:06:50

Health: -1/55      AC:  7    Str: 24    XL:     7   Next: 74%
Magic:  4/7        EV: 10    Int:  8    God:    Cheibriados [......]
Gold:   177        SH: 10    Dex: 11    Spells: 6/6 levels left

rFire    . . .     SeeInvis +   a - +0 long sword
rCold    . . .     Gourm    .   c - +0 shield
rNeg     . . .     Faith    +   b - +0 scale mail
rPois    .         Spirit   .   (helmet unavailable)
rElec    .         Reflect  .   (no cloak)
rCorr    .         Harm     .   (no gloves)
MR       +....                  (no boots)
Stlth    ..........             m - amulet of faith
Regen    0.2/turn               l - ring of protection from magic
MPRegen  0.1/turn               (no ring)

@: lethally poisoned (-1 -> -7), very slow
A: permanent stasis, dig shafts and tunnels, four strong arms, antennae 3
a: Dig, Shaft Self, Bend Time, Renounce Religion


You were on level 5 of the Dungeon.
You worshipped Cheibriados.
Cheibriados was noncommittal.
You were not hungry.

You visited 2 branches of the dungeon, and saw 6 of its levels.

You collected 177 gold pieces.

Inventory:

Hand Weapons
 a - a +0 long sword (weapon)
Armour
 b - a +0 scale mail (worn)
 c - a +0 shield (worn)
Jewellery
 l - a ring of protection from magic (left hand)
 m - an amulet of faith (around neck)
Scrolls
 e - 4 scrolls of remove curse {unknown}
 i - 8 scrolls of teleportation {unknown}
 j - a scroll of amnesia {unknown}
 r - 2 scrolls of identify {unknown}
 u - 2 scrolls of recharging {unknown}
 w - a scroll of enchant armour {unknown}
 x - a scroll of fog {unknown}
Potions
 d - 2 potions of might
 k - 2 potions of curing {unknown}
 p - a potion of lignification {unknown}
 q - 2 potions of haste {unknown}
 s - 2 potions of degeneration {unknown}
 t - 2 potions of agility {unknown}
 v - a potion of mutation {unknown}
Comestibles
 f - 5 bread rations
 g - a chunk of flesh
 n - 6 fruits
 o - 2 meat rations


   Skills:
 + Level 4.8 Fighting
 + Level 4.1 Long Blades
 + Level 5.1 Armour
 + Level 2.8 Dodging
 + Level 5.4 Shields


You had 6 spell levels left.
You didn't know any spells.

Dungeon Overview and Level Annotations

Branches:
Dungeon (5/15)             Temple (1/1) D:4

Altars:
Ashenzari
Cheibriados
Fedhas
Gozag
Kikubaaqudgha
Makhleb
Nemelex Xobeh
Sif Muna
Vehumet
Yredelemnul


Innate Abilities, Weirdness & Mutations

You cannot be hasted, slowed, berserked, paralysed or teleported.
You can dig through walls and to a lower floor.
Your four strong arms can wield two-handed weapons with a shield.
You have a pair of large antennae on your head. (SInv)


Message History

The centaur is heavily wounded.
The centaur closely misses you.
You riposte.
You slash the centaur!
You kill the centaur!
Cheibriados appreciates the change of pace.
The iguana barely misses you.
You riposte.
You hit the iguana.
The iguana is moderately wounded.
You block the scorpion's attack. The flow of time bends around you.
Cheibriados rebukes the iguana.
The iguana seems to slow down.
The scorpion resists with some effort.
You feel slightly more hungry. You block the scorpion's attack.
The iguana barely misses you.
You barely miss the iguana.
The iguana is moderately wounded.
The scorpion stings you.
* * * LOW HITPOINT WARNING * * *
You are lethally poisoned!
The scorpion poisons you! You block the iguana's attack.
The scorpion stings you.
You die...

...............
...............
...............
.........$.....
...............
...............
.......)s......
.......@†......
.......(l......
.......(.......
.......<.......
...............
.....[>......<.
...............
...............
...............


You could see a scorpion and an iguana.

Vanquished Creatures
  A centaur (D:5)
  A howler monkey (D:4)
  3 hounds (D:4)
  An orc wizard (D:4)
  A bullfrog skeleton (D:4)
  2 centaur skeletons (D:4)
  2 iguanas (D:4)
  4 worker ants (D:4)
  A hound skeleton (D:4)
  A howler monkey zombie (D:5)
  5 adders
  2 dart slugs
  3 leopard geckos
  7 orcs (D:4)
  8 bats
  3 giant cockroaches
  11 goblins
  4 hobgoblins
  6 jackals
  2 kobolds
  3 quokkas
  4 frilled lizards
  A quokka skeleton (D:4)
  10 rats
86 creatures vanquished.

Notes
Turn   | Place    | Note
-------+----------+-------------------------------------------
     0 | D:1      | Minion the Formicid Fighter began the quest for the Orb.
     0 | D:1      | Reached XP level 1. HP: 18/18 MP: 1/1
   118 | D:1      | Reached XP level 2. HP: 21/24 MP: 2/2
   551 | D:1      | Reached XP level 3. HP: 29/29 MP: 3/3
   791 | D:2      | Reached skill level 1 in Dodging
   958 | D:2      | Reached XP level 4. HP: 21/36 MP: 4/4
  1677 | D:3      | Reached XP level 5. HP: 33/42 MP: 5/5
  2040 | D:3      | Found a faded altar of an unknown god.
  2640 | D:4      | Reached XP level 6. HP: 18/48 MP: 6/6
  3307 | D:4      | Reached XP level 7. HP: 46/55 MP: 7/7
  3314 | D:4      | Reached skill level 5 in Shields
  3384 | D:4      | Found a staircase to the Ecumenical Temple.
  3399 | Temple   | Entered the Ecumenical Temple
  3527 | Temple   | Became a worshipper of Cheibriados the Contemplative
  3965 | D:4      | Reached skill level 5 in Armour
  4053 | D:5      | Entered Level 5 of the Dungeon
  4067 | D:5      | HP: 2/55 [scorpion (4)]
  4067 | D:5      | Slain by a scorpion

Skill      XL: |  1  2  3  4  5  6  7 |
---------------+----------------------+-----
Dodging        | 1 2 |  2.8
Shields        | 4 5 |  5.4
Long Blades    | 3 4 |  4.1
Armour         | 4 5 |  5.1
Fighting       | 4 |  4.8

Action                   |  1- 3 |  4- 6 |  7- 9 || total
-------------------------+-------+-------+-------++-------
Melee: Long sword        |    96 |   246 |    90 ||   432
Invok: Bend Time         |       |       |     1 ||     1
  Eat: Chunk             |       |     8 |     1 ||     9
       Royal jelly       |       |       |     1 ||     1
Armor: Scale mail        |    59 |    97 |    22 ||   178
Dodge: Dodged            |    57 |    89 |    37 ||   183
Block: Shield            |    78 |   141 |    67 ||   286
       Rpst.: Long sword |    15 |    28 |    16 ||    59
